 Dungeon Crawl Stone Soup version 0.31-a0-204-g7da18cac08 (webtiles) character file.

Game seed: 796492165999276889

434 innerfire43 the Trooper (level 6, -2/51 HPs)
             Began as a Demonspawn Monk on June 27, 2023.
             Was a Plaything of Xom.
             Slain by a lemure (3 damage)
             ... led by Pikel
             ... on level 5 of the Dungeon.
             The game lasted 00:04:30 (2962 turns).

innerfire43 the Trooper (Demonspawn Monk)           Turns: 2962, Time: 00:04:31

Health: -2/51      AC: 11    Str: 14    XL:     6   Next: 68%
Magic:  5/5        EV: 13    Int: 11    God:    Xom [......]
Gold:   234        SH:  0    Dex: 15    Spells: 5/5 levels left

rFire   + + .        a - +1 hand axe
rCold   . . .        d - orb {light}
rNeg    . . .        j - +0 acid dragon scales
rPois   .            (helmet restricted)
rElec   +            (no cloak)
rCorr   +            p - +1 pair of gloves
SInv    .            (no boots)
Will    .....        (no amulet)
Stlth   +            l - ring of fire
HPRegen 0.28/turn    r - ring of protection from cold
MPRegen 0.09/turn

%: random rage (3%)
@: attractive, glowing
A: antennae 1, molten scales 2, ignite blood 1, hooves 2, berserk 1, fire
resistance 1, low MP 1, electricity resistance
a: Renounce Religion


You were on level 5 of the Dungeon.
You worshipped Xom.
You were a very special plaything of Xom.
You visited 1 branch of the dungeon, and saw 5 of its levels.

You collected 234 gold pieces.

Inventory:

Hand Weapons
 a - a +1 hand axe (weapon)
Armour
 b - a +0 robe
 d - an orb of light (worn)
 j - +0 acid dragon scales (worn)
 p - a +1 pair of gloves (worn)
 x - the +18 Lear's hauberk
   (You found it on level 4 of the Dungeon)
Jewellery
 l - a ring of fire (left hand)
 r - a ring of protection from cold (right hand)
Wands
 w - a wand of digging (3)
Scrolls
 h - a scroll of torment
 i - a scroll of enchant armour
 m - 2 scrolls of amnesia
 n - a scroll of vulnerability {unknown}
 o - a scroll of silence {unknown}
 t - a scroll of identify {unknown}
 u - a scroll of poison {unknown}
Potions
 k - 3 potions of heal wounds {unknown}
 q - 2 potions of curing {unknown}
 s - 2 potions of degeneration {unknown}
 v - 2 potions of enlightenment {unknown}
 z - a potion of cancellation {unknown}


   Skills:
 + Level 5.0 Fighting
 + Level 4.5 Axes
 + Level 4.5 Dodging


You had 5 spell levels left.
You didn't know any spells.
Your spell library contained the following spells:

 Spells                   Type           Power      Damage    Failure   Level
 Apportation              Tloc           0%         N/A       45%         1
 Necrotise                Necr           0%         1d4       45%         1
 Summon Small Mammal      Summ           0%         N/A       45%         1


Dungeon Overview and Level Annotations

Branches:
Dungeon (5/15)
 Temple: D:4-7

Altars:
Qazlal
Ru
Xom

Annotations:
D:5 Pikel


Innate Abilities, Weirdness & Mutations

You have a pair of small antennae on your head.
You are mostly covered in molten scales. (AC +3)
Your demonic aura sometimes causes spilled blood to erupt in flames.
You have hoof-like feet.
You sometimes lose your temper in combat.
Your flesh is heat resistant. (rF+)
Your magical capacity is low. (-10% MP)
You are resistant to electric shocks. (rElec)


Message History

Pikel misses you. The lemure barely misses you.
The lemure hits you but does no damage. The lemure hits you.
* * * LOW HITPOINT WARNING * * *
Your shadow imp hits the scorpion.
The scorpion barely misses you.
You barely miss the lemure.
The lemure is severely wounded.
You hit Pikel but do no damage. You closely miss the lemure.
You hit the scorpion but do no damage. You hit the lemure but do no damage.
Pikel hits you with a +0 whip of flaming.
* * * LOW HITPOINT WARNING * * *
The lemure closely misses you. The lemure misses you.
The lemure hits you but does no damage.
Your shadow imp hits the scorpion.
The scorpion stings your shadow imp. The lemure misses you.
The lemure barely misses you. The lemure closely misses you.
Pikel hits you with a +0 whip of flaming.
* * * LOW HITPOINT WARNING * * *
You hit the lemure but do no damage. You kick the lemure, but do no damage.
The lemure is severely wounded.
You strike the helpless scorpion from behind!
You hit the scorpion but do no damage. You hit the lemure but do no damage.
You hit Pikel. You hit the lemure.
The scorpion stings you but does no damage.
Your shadow imp barely misses the scorpion.
Your crimson imp hits the scorpion but does no damage.
Pikel hits you with a +0 whip of flaming.
* * * LOW HITPOINT WARNING * * *
The lemure misses you. The lemure hits you.
* * * LOW HITPOINT WARNING * * *
The lemure hits you but does no damage.
It was a potion of attraction.
You feel attractive to monsters. The scorpion stings your crimson imp.
Your shadow imp barely misses the scorpion.
Your crimson imp barely misses the scorpion.
Pikel hits you with a +0 whip of flaming.
* * * LOW HITPOINT WARNING * * *
The lemure barely misses you. The lemure closely misses you.
The lemure hits you.
You die...
Xom guffaws!

###########
#..55@5o..#
#...K5s...#
#...oo55..#
............#
###.........#
#.........#
#.........#
#####.#####


You could see Pikel, 4 lemures, a scorpion (distracted), 3 orcs, a friendly
crimson imp (summoned) and a friendly shadow imp (summoned).

Vanquished Creatures
  A phantom (D:4)
  A howler monkey (D:4)
  An orc priest (D:3)
  A hound (D:4)
  2 iguanas (D:4)
  An orc wizard (D:5)
  4 gnolls (D:5)
  5 adders
  A worm (D:3)
  A dart slug (D:3)
  4 orcs
  5 endoplasms
  3 giant cockroaches
  A goblin (D:3)
  10 hobgoblins
  4 kobolds
  3 quokkas
  7 ball pythons
  4 bats
  8 frilled lizards
  4 rats
71 creatures vanquished.

Vanquished Creatures (collateral kills)
  A jelly (D:5)
1 creature vanquished.

Vanquished Creatures (others)
  A gnoll bouda (D:5)
1 creature vanquished.

Grand Total: 73 creatures vanquished

Notes
Turn   | Place    | Note
-------+----------+-------------------------------------------
     0 | D:1      | innerfire43 the Demonspawn Monk began the quest for the
                  | Orb.
     0 | D:1      | Reached XP level 1. HP: 18/18 MP: 1/1
   298 | D:1      | Gained mutation: You have a pair of small antennae on your
                  | head. [demonic ancestry]
   298 | D:1      | Reached XP level 2. HP: 24/24 MP: 2/2
   999 | D:2      | Reached XP level 3. HP: 27/29 MP: 3/3
  1034 | D:2      | Found a sacrificial altar of Ru.
  1736 | D:2      | Found a faded altar of an unknown god.
  1742 | D:2      | Prayed at the altar of an unknown god.
  1742 | D:2      | Became a worshipper of Xom of Chaos
  1824 | D:3      | XOM: silly message
  1831 | D:3      | Gained mutation: You are partially covered in molten
                  | scales. (AC +2) [demonic ancestry]
  1831 | D:3      | Reached XP level 4. HP: 28/37 MP: 4/4
  1840 | D:3      | XOM: give mutations
  1840 | D:3      | Gained mutation: Your magical capacity is low. (-10% MP)
                  | [Xom's mischief]
  1840 | D:3      | Gained mutation: You sometimes lose your temper in combat.
                  | [Xom's mischief]
  1840 | D:3      | Gained mutation: You are resistant to electric shocks.
                  | (rElec) [Xom's mischief]
  1840 | D:3      | Gained mutation: Your flesh is heat resistant. (rF+) [Xom's
                  | mischief]
  1842 | D:3      | Xom revived you
  2062 | D:3      | Reached skill level 4 in Fighting
  2128 | D:3      | XOM: smoke on damage
  2246 | D:3      | XOM: give mutations
  2246 | D:3      | Gained mutation: You have large cloven feet. [Xom's
                  | mischief]
  2246 | D:3      | Gained mutation: You have hoof-like feet. [Xom's mischief]
  2431 | D:4      | XOM: polymorph hobgoblin -> frilled lizard
  2437 | D:4      | XOM: noise
  2494 | D:4      | Noticed a phantom
  2508 | D:4      | Killed a phantom
  2509 | D:4      | Gained mutation: Your demonic aura sometimes causes spilled
                  | blood to erupt in flames. [demonic ancestry]
  2509 | D:4      | Reached XP level 5. HP: 42/43 MP: 4/4
  2512 | D:4      | XOM: repel stairs
  2534 | D:4      | Gained mutation: You are mostly covered in molten scales.
                  | (AC +3) [demonic ancestry]
  2534 | D:4      | Reached XP level 6. HP: 43/49 MP: 5/5
  2619 | D:4      | Found a stormy altar of Qazlal.
  2690 | D:4      | Found the +18 Lear's hauberk
  2836 | D:4      | XOM: draining
  2906 | D:5      | Entered Level 5 of the Dungeon
  2931 | D:5      | XOM: divine lightning
  2949 | D:5      | Noticed Pikel
  2949 | D:5      | XOM: summons friendly iron imp
  2952 | D:5      | Reached skill level 5 in Fighting
  2953 | D:5      | XOM: summons 2 friendly demons
  2962 | D:5      | HP: 1/51 [Pikel/+0 whip of flaming (3)]
  2962 | D:5      | Slain by a lemure

Illustrated notes

Levels and vault maps discovered:
D:1:      erik_arrival_orb_chamber, layout_basic, serial_forest,
          infiniplex_forest_end_3, infiniplex_forest_clump_long,
          infiniplex_forest_clump_diagonal, infiniplex_forest_lined_3,
          infiniplex_forest_lined_room_3, infiniplex_forest_end_double,
          infiniplex_forest_clump_tiny, grunt_decor_mini_mirrors,
          wander_ebering_terrifying_dragon_lair
D:2:      layout_basic, shapermc_ecumenical_altar_petra, basic_altar
D:3:      layout_rooms
D:4:      layout_basic, nicolae_qazlal_general_emergency, item_on_display_a
D:5:      layout_rooms, uniq_pikel

Skill      XL: |  1  2  3  4  5  6 |
---------------+-------------------+-----
Dodging        | 3 4 |  4.5
Axes           | 3 4 |  4.5
Fighting       | 4 5 |  5.0

Action                     |  1- 3 |  4- 6 || total
---------------------------+-------+-------++-------
  Melee: Hand axe          |   106 |   123 ||   229
         Kick              |       |    37 ||    37
    Use: Scroll            |       |     5 ||     5
         Potion            |       |     2 ||     2
   Stab: Distracted        |       |     1 ||     1
 Armour: Robe              |     3 |       ||     3
         Acid dragon scale |    33 |    59 ||    92
  Dodge: Dodged            |    70 |   122 ||   192

Table legend: (Time is in decaauts)
 A = Elapsed time spent in this place.
 B = Non-inter-level travel time spent in this place.
 C = Inter-level travel time spent in this place.
 D = Time resting spent in this place.
 E = Time spent auto-exploring this place.
 F = Levels seen in this place.
 G = Mean time per level.
                   A        B        C        D        E       F      G
               +--------+--------+--------+--------+--------+-----+--------+
         Total |   3021 |   2874 |    147 |      0 |   2280 |   5 |  604.2 |
       Dungeon |   3021 |   2874 |    147 |      0 |   2280 |   5 |  604.2 |
               +--------+--------+--------+--------+--------+-----+--------+

Top non-repeatable levels by time:
     D:1: 993 daAuts
     D:2: 836 daAuts
     D:3: 593 daAuts
     D:4: 540 daAuts
     D:5: 57 daAuts
